 Dungeon Crawl Stone Soup version 0.26-a0-812-g31a745ddcd (webtiles) character file.

Game seed: 9681948970201869802

58 Dracia the Changer (level 3, 0/28 HPs)
             Began as a Draconian Transmuter on Dec 1, 2020.
             Killed from afar by an orc wizard (6 damage)
             ... with a puff of flame
             ... on level 2 of the Dungeon.
             The game lasted 00:01:36 (1242 turns).

Dracia the Changer (Draconian Transmuter)           Turns: 1242, Time: 00:01:37

Health: 0/28       AC:  5    Str: 12    XL:     3   Next: 76%
Magic:  4/6        EV: 12    Int: 13    God:
Gold:   58         SH:  0    Dex: 12    Spells: 3/6 levels left

rFire    . . .     SeeInvis .     - Unarmed
rCold    . . .     Faith    .   (no shield)
rNeg     . . .     Spirit   .   (armour unavailable)
rPois    .         Reflect  .   (helmet currently unavailable)
rElec    .         Harm     .   (no cloak)
rCorr    .         Rampage  .   (no gloves)
MR       .....                  (boots currently unavailable)
Stlth    +.........             (no amulet)
HPRegen  0.09/turn              (no ring)
MPRegen  0.10/turn              (no ring)

@: appendages (expiring), wereblooded
A: unfitting armour, horns 2, talons 2, cold-blooded, AC +5
a: End Transformation


You were on level 2 of the Dungeon.
You had grown temporary horns.
You had grown temporary talons.
You visited 1 branch of the dungeon, and saw 2 of its levels.

You collected 58 gold pieces.


Innate Abilities, Weirdness & Mutations

Your plain brown scales are hard. (AC +5)
You cannot fit into any form of body armour.
You are cold-blooded and may be slowed by cold attacks.
You have a pair of horns on your head.
You have razor-sharp toenails.


   Skills:
 - Level 1.1 Fighting
 - Level 1.7 Dodging
 - Level 3.0 Unarmed Combat
 - Level 2.0 Spellcasting
 + Level 4.2 Transmutations


You had 3 spell levels left.
You knew the following spells:

 Your Spells              Type           Power        Failure   Level
a - Beastly Appendage     Tmut           ##....       4%          1
b - Wereblood             Tmut           ##......     7%          2

Your spell library contained the following spells:

 Spells                   Type           Power        Failure   Level
 Spider Form              Tmut/Pois      #.........   32%         3
 Ice Form                 Ice/Tmut       #.......     71%         4
 Blade Hands              Tmut           ##........   77%         5

Inventory:

Missiles
 h - a throwing net {=f}
Scrolls
 e - 2 scrolls of remove curse {unknown}
 f - 2 scrolls of enchant armour {unknown}
 g - a scroll of teleportation {unknown}
 i - a scroll of immolation {unknown}
Potions
 a - 2 potions of curing {unknown}
 b - a potion of degeneration {unknown}
 c - a potion of brilliance {unknown}
 d - a potion of heal wounds {unknown}

Dungeon Overview and Level Annotations

Branches:
Dungeon (2/15)

Altars:
The Shining One

# .#### .#... #<.# ...#
#..# #..# ####..# #..#
###.<...####)o#######
...........)@.......
#....#.####.#.#####
#...#.# #.#.# #...#.#
#.#.# ###
###...#.####.#.####### .<#
#....)................
#####.#..##.#......#......
.......)..#.#)####.# #####
##.....#..#.#.# #(#


You could see an orc wizard (fast).


Message History

The orc is almost dead.
The orc barely misses you.
The orc wizard miscasts a cantrip.
You barely miss the orc.
The orc is almost dead.
The orc wizard hits you but does no damage.
The orc hits you but does no damage.
You hit the orc but do no damage. Your kick misses the orc.
You headbutt the orc.
You kill the orc!
The orc wizard barely misses you.
You hit the orc wizard.
The orc wizard is moderately wounded.
The orc wizard hits you but does no damage.
The orc wizard gestures at you while chanting.
The puff of frost hits you!
* * * LOW HITPOINT WARNING * * *
You closely miss the orc wizard.
The orc wizard is moderately wounded.
The orc wizard barely misses you.
You hit the orc wizard.
The orc wizard is heavily wounded.
The orc wizard closely misses you.
The orc wizard looks encouraged for a moment.
You hit the orc wizard.
The orc wizard is severely wounded.
Your transformation is almost over.
The orc wizard gestures at you while chanting.
The puff of flame hits you.
You die...

Skill      XL: |  1  2  3 |
---------------+----------+-----
Transmutations | 3 4 |  4.2
Fighting       | |  1.1
Dodging        | |  1.7
Unarmed Combat | |  3.0
Spellcasting   | |  2.0

Action                   || total
-------------------------++-------
Melee: Unarmed           ||    62
       Kick              ||    10
       Headbutt          ||     6
       Tailslap          ||     7
 Cast: Beastly Appendage ||    17
       Wereblood         ||     1
Armor: Skin              ||    18
Dodge: Dodged            ||    26

Levels and vault maps discovered:
D:1:      lemuel_arrival_behind_the_door_small, layout_loops_cross, tso_altar
D:2:      layout_basic, lemuel_coloured_pillars_altar

Notes
Turn   | Place    | Note
-------+----------+-------------------------------------------
     0 | D:1      | Dracia the Draconian Transmuter began the quest for the
                  | Orb.
     0 | D:1      | Reached XP level 1. HP: 16/16 MP: 3/3
   193 | D:1      | Reached XP level 2. HP: 21/23 MP: 1/5
   328 | D:1      | Found a glowing golden altar of the Shining One.
   390 | D:1      | Reached skill level 3 in Transmutations
   487 | D:1      | Learned a level 2 spell: Wereblood
  1042 | D:2      | Reached XP level 3. HP: 14/28 MP: 6/6
  1234 | D:2      | Reached skill level 4 in Transmutations
  1242 | D:2      | Killed from afar by an orc wizard

Vanquished Creatures
  An orc priest (D:2)
  4 dart slugs (D:1)
  A leopard gecko (D:1)
  An orc (D:2)
  A bat (D:1)
  5 hobgoblins
  4 kobolds (D:1)
  4 rats
21 creatures vanquished.

Table legend: (Time is in decaauts)
 A = Elapsed time spent in this place.
 B = Non-inter-level travel time spent in this place.
 C = Inter-level travel time spent in this place.
 D = Time resting spent in this place.
 E = Time spent auto-exploring this place.
 F = Levels seen in this place.
 G = Mean time per level.
                   A        B        C        D        E       F      G
               +--------+--------+--------+--------+--------+-----+--------+
         Total |   1238 |   1205 |     33 |      0 |   1048 |   2 |  619.0 |
       Dungeon |   1238 |   1205 |     33 |      0 |   1048 |   2 |  619.0 |
               +--------+--------+--------+--------+--------+-----+--------+

Top non-repeatable levels by time:
     D:1: 1005 daAuts
     D:2: 232 daAuts

Table legend:
 A = Non-vault XP
 B = Vault XP
 C = Vault XP percentage of total XP
 D = Non-vault monster count
 E = Vault monster count
 F = Vault count percentage of total count
                 A         B        C        D         E       F
            +---------+---------+-------+---------+---------+-------
      Total |      84 |       0 |   0.0 |      21 |       0 |   0.0
            +---------+---------+-------+---------+---------+-------
        D:1 |      35 |       0 |   0.0 |      15 |       0 |   0.0
        D:2 |      49 |       0 |   0.0 |       6 |       0 |   0.0
            +---------+---------+-------+---------+---------+-------
